 Dungeon Crawl Stone Soup version 0.29-a0-414-g5075937ec3 (webtiles) character file.

Game seed: 13376897335600501599

121 xian the Cudgeller (level 4, -3/37 HPs)
             Began as a Palentonga Cinder Acolyte on May 15, 2022.
             Was a High Priest of Ignis.
             Slain by a worm (7 damage)
             ... on level 3 of the Dungeon.
             The game lasted 00:18:51 (3457 turns).

xian the Cudgeller (Palentonga Cinder Acolyte)      Turns: 3457, Time: 00:18:52

Health: -3/37      AC:  5    Str: 19      XL:     4   Next: 77%
Magic:  5/5        EV:  8    Int: 12 (15) God:    Ignis [*****.]
Gold:   178        SH:  2    Dex:  2 (5)  Spells: 5/5 levels left

rFire   + . .      SeeInvis +   q - +0 falchion (holy)
rCold   . . .      Faith    .   u - +0 buckler
rNeg    . . .      Spirit   .   n - +0 ring mail
rPois   +          Reflect  .   (no helmet)
rElec   .          Harm     .   (no cloak)
rCorr   .          Rampage  .   (no gloves)
Will    .....                   (no barding)
Stlth   ..........              (no amulet)
HPRegen 0.12/turn               o - ring of poison resistance
MPRegen 0.09/turn               y - ring of poison resistance

@: no status effects
A: large, rugged brown scales 3, see invisible, deformed body, roll 1, armoured
tail
a: Rolling Charge, Renounce Religion, Fiery Armour, Foxfire Swarm, Rising Flame


You were on level 3 of the Dungeon.
You worshipped Ignis.
Ignis was extremely pleased with you.
You visited 1 branch of the dungeon, and saw 3 of its levels.

You collected 178 gold pieces.

Inventory:

Hand Weapons
 q - a +0 falchion of holy wrath (weapon)
Missiles
 s - a throwing net
Armour
 b - a +0 robe
 m - a +0 leather armour
 n - a +0 ring mail (worn)
 u - a +0 buckler (worn)
Jewellery
 o - a ring of poison resistance (left hand)
 y - a ring of poison resistance (right hand)
Wands
 r - a wand of charming (4)
Scrolls
 c - a scroll of enchant weapon {unknown}
 d - a scroll of fear
 e - a scroll of blinking {unknown}
 h - a scroll of identify
 i - a scroll of teleportation
 j - a scroll of torment
 k - a scroll of noise {unknown}
 l - 3 scrolls of magic mapping
 p - a scroll of amnesia {unknown}
 w - a scroll of vulnerability {unknown}
Potions
 a - a potion of might {unknown}
 f - 3 potions of mutation


   Skills:
 + Level 3.5 Fighting
 + Level 0.1 Long Blades
 + Level 3.8 Maces & Flails
 + Level 1.9 Armour
 + Level 0.4 Dodging
 + Level 1.0 Spellcasting
 + Level 2.9 Fire Magic


You had 5 spell levels left.
You didn't know any spells.
Your spell library contained the following spells:

 Spells                   Type           Power      Damage    Failure   Level
 Scorch                   Fire           14%        2d5       30%         2


Dungeon Overview and Level Annotations

Branches:
Dungeon (3/15)

Altars:


Innate Abilities, Weirdness & Mutations

You are completely covered in rugged brown scales. (AC +3, +7% HP)
You have supernaturally acute eyesight. (SInv)
Armour fits poorly on your strangely shaped body.
You can roll at nearby foes to attack.
You have a long armoured tail.


Message History

Aim: a worm You roll forward with a clatter of scales!
You barely miss the worm.
You hear a shout!
The worm bites you.
Unknown command.
You hit the worm.
The worm is lightly wounded.
You hit the worm.
The worm is heavily wounded.
The worm bites you.
You barely miss the worm.
The worm is moderately wounded.
The worm bites you but does no damage.
You hit the worm.
Your tail-slap misses the worm.
The worm is moderately wounded.
The worm closely misses you.
You hit the worm.
The worm is moderately wounded.
The worm bites you.
You hit the worm.
The worm is heavily wounded.
The worm bites you.
You hit the worm.
The worm is severely wounded.
You hit the worm.
The worm is severely wounded.
The worm bites you.
You hit the worm but do no damage.
Your tail-slap misses the worm.
The worm is severely wounded.
The worm bites you!
* * * LOW HITPOINT WARNING * * *
You hit the worm but do no damage.
The worm is heavily wounded.
The worm bites you!
* * * LOW HITPOINT WARNING * * *
You barely miss the worm.
The worm is heavily wounded.
The worm bites you!
You die...

...# #.# #.##.........#
...###########.#####.#♣.......♣##
...#.#.#.#.#.#.#.#.#.#+.......#
...'#.#.#.#.#.#.#.#.#.♣.♣.♣.♣.♣
...#.#.#.#.#.#.#.#.#.#).......#
...+#.#.#.#.#.#.#.#.#.#.#+#+###
...#.#.#.#.#.#.#.#.#
....#.#.#.#.#.#.#.#.#
##.#.#.#.#.#.#.#@#.#.#
..#.#.#.#.#.#.#w#.#.#!#
#..#.#.#.#.#.#.#.#.#.#.# #.#.#.#
.#.#.# #.# #.# # .#.#. .#.# #.#
#.# ##..#.# #.# #.# #. #....P.
#.# #.# .P....♣ .# #. ♣♣♣


You could see a worm.

Vanquished Creatures
  3 adders
  5 worms
  A dart slug (D:3)
  4 orcs (D:3)
  4 endoplasms
  5 giant cockroaches
  9 goblins
  7 hobgoblins
  3 jackals
  4 quokkas
  5 ball pythons
  5 bats
  4 frilled lizards
  6 kobolds
  5 rats
70 creatures vanquished.

Vanquished Creatures (others)
  A fungus (D:1)
  15 plants
16 creatures vanquished.

Grand Total: 86 creatures vanquished

Notes
Turn   | Place    | Note
-------+----------+-------------------------------------------
     0 | D:1      | xian the Palentonga Cinder Acolyte began the quest for the
                  | Orb.
     0 | D:1      | Reached XP level 1. HP: 19/19 MP: 2/2
   327 | D:1      | Found a faded altar of an unknown god.
   363 | D:1      | Reached XP level 2. HP: 25/25 MP: 3/3
  1277 | D:2      | Reached XP level 3. HP: 29/31 MP: 4/4
  1538 | D:2      | Reached skill level 1 in Armour
  1805 | D:2      | Reached XP level 4. HP: 6/37 MP: 5/5
  3457 | D:3      | Slain by a worm

Illustrated notes

Levels and vault maps discovered:
D:1:      dpeg_arrival_solitude, layout_loops_ring,
          shapermc_ecumenical_altar_mp_urbaneastern
D:2:      minmay_thinvault, layout_basic, serial_park_tiny_1
D:3:      layout_basic, serial_forest, infiniplex_forest_clump_long,
          infiniplex_forest_clump_medium, infiniplex_forest_lined_room_3,
          infiniplex_forest_straight_2, infiniplex_forest_clump_small,
          infiniplex_forest_clump_curved, infiniplex_forest_join,
          infiniplex_forest_clump_long

Skill      XL: |  1  2  3 |
---------------+----------+-----
Armour         | 1 |  1.9
Fighting       | |  3.5
Long Blades    | |  0.1
Maces & Flails | |  3.8
Dodging        | |  0.4
Spellcasting   | |  1.0
Fire Magic     | |  2.9

Action                   |  1- 3 |  4- 6 || total
-------------------------+-------+-------++-------
Melee: Mace              |   147 |    65 ||   212
       Tailslap          |    19 |     7 ||    26
       Falchion          |       |    45 ||    45
 Abil: Rolling Charge    |    29 |    16 ||    45
  Use: Scroll            |       |     5 ||     5
       Potion            |       |     4 ||     4
Armor: Robe              |     3 |       ||     3
       Ring mail         |    56 |    48 ||   104
       Skin              |       |    12 ||    12
Dodge: Dodged            |    62 |    46 ||   108
Block: Buckler           |       |     7 ||     7

Table legend: (Time is in decaauts)
 A = Elapsed time spent in this place.
 B = Non-inter-level travel time spent in this place.
 C = Inter-level travel time spent in this place.
 D = Time resting spent in this place.
 E = Time spent auto-exploring this place.
 F = Levels seen in this place.
 G = Mean time per level.
                   A        B        C        D        E       F      G
               +--------+--------+--------+--------+--------+-----+--------+
         Total |   3507 |   3461 |     46 |    946 |   1746 |   3 | 1169.0 |
       Dungeon |   3507 |   3461 |     46 |    946 |   1746 |   3 | 1169.0 |
               +--------+--------+--------+--------+--------+-----+--------+

Top non-repeatable levels by time:
     D:2: 1547 daAuts
     D:1: 1024 daAuts
     D:3: 935 daAuts
